 Dungeon Crawl Stone Soup version bcrawl-1.19.2-6-g6a88ae04c9 (webtiles) character file.

Game seed: 3802738281722081549

3870 Freyura the Blocker (level 10, -5/80 HPs)
             Began as a Gnoll Fighter on Jan 4, 2020.
             Was a Follower of Ashenzari.
             Slain by an orc sorcerer
             ... wielding a +0 dagger
              (8 damage)
             ... on level 7 of the Dungeon.
             The game lasted 00:22:33 (7385 turns).

Freyura the Blocker (Gnoll Fighter)                 Turns: 7385, Time: 00:22:34

Health: -5/80      AC: -3    Str: 18    XL:     10   Next: 19%
Magic:  0/17       EV: 11    Int: 11    God:    Ashenzari [*.....]
Gold:   321        SH: 11    Dex: 18    Spells: 18/18 levels left

rFire    . . .     SeeInvis .   D - +2 morningstar (curse)
rCold    . . .     Gourm    .   c - +0 shield (curse)
rNeg     + . .     Faith    .   y - +1 scale mail {rPois} (curse)
rPois    +         Spirit   +   e - +2 helmet (curse)
rElec    .         Reflect  .   C - scarf {Spirit} (curse)
rCorr    .         Harm     .   (no gloves)
MR       .....                  (no boots)
Stlth    ++........             (no amulet)
HPRegen  0.23/turn              z - ring of positive energy (curse)
MPRegen  0.15/turn              (no ring)

@: corroded, lightly drained
A: distributed training, fangs 1, strong nose
a: Curse Item, Scrying, Renounce Religion


You were on level 7 of the Dungeon.
You worshipped Ashenzari.
Ashenzari was aware of your devotion.
You were not hungry.

You visited 2 branches of the dungeon, and saw 8 of its levels.

You collected 447 gold pieces.
You spent 126 gold pieces at shops.

Inventory:

Hand Weapons
 a - a +0 flail
 D - a cursed +2 morningstar (weapon)
Missiles
 F - a throwing net (quivered) {!f}
Armour
 b - a +0 scale mail
 c - a cursed +0 shield (worn)
 e - a cursed +2 helmet (worn)
 g - a +0 chain mail
 p - a +0 cloak
 y - a cursed +1 scale mail of poison resistance (worn)
 C - a cursed scarf of spirit shield (worn)
Jewellery
 t - an uncursed ring of ice
 z - a cursed ring of positive energy (left hand)
 A - an uncursed ring of ice
Scrolls
 d - 2 scrolls of identify
 h - a scroll of fear
 j - a scroll of enchant weapon
 n - a scroll of enchant armour
 o - a scroll of teleportation
 s - 6 scrolls of remove curse
 x - a scroll of amnesia
Potions
 i - a potion of ambrosia
 k - a potion of degeneration {unknown}
 l - a potion of mutation {unknown}
 m - 2 potions of brilliance
 q - 2 potions of invisibility {unknown}
 r - 2 potions of heal wounds {unknown}
 u - a potion of lignification {unknown}
 v - a potion of resistance
 B - a potion of agility
 E - 2 potions of curing {unknown}
Comestibles
 f - 10 rations {!d}


   Skills:
 + Level 8.3(7.7) Fighting
 + Level 4.9(4.4) Short Blades
 + Level 4.9(4.4) Long Blades
 + Level 4.9(4.4) Axes
 + Level 6.8(6.2) Maces & Flails
 + Level 4.9(4.4) Polearms
 + Level 4.9(4.4) Staves
 + Level 4.9(4.4) Slings
 + Level 4.9(4.4) Bows
 + Level 4.9(4.4) Crossbows
 + Level 4.9(4.4) Throwing
 + Level 8.3(7.7) Armour
 + Level 4.9(4.4) Dodging
 + Level 4.9(4.4) Stealth
 + Level 8.3(7.7) Shields
 + Level 4.9(4.4) Unarmed Combat
 + Level 4.9(4.4) Spellcasting
 + Level 4.1(3.5) Conjurations
 + Level 4.1(3.5) Hexes
 + Level 4.1(3.5) Charms
 + Level 4.1(3.5) Summonings
 + Level 4.1(3.5) Necromancy
 + Level 4.1(3.5) Translocations
 + Level 4.1(3.5) Transmutations
 + Level 4.1(3.5) Fire Magic
 + Level 4.1(3.5) Ice Magic
 + Level 4.1(3.5) Air Magic
 + Level 4.1(3.5) Earth Magic
 + Level 4.1(3.5) Poison Magic
 + Level 5.4(4.9) Invocations
 + Level 4.9(4.4) Evocations


You had 18 spell levels left.
You didn't know any spells.
Your spell library contained the following spells:

 Spells                   Type           Power        Failure   Level  Hunger
 Apportation              Tloc           ##....       36%         1    #......
 Infusion                 Chrm           ##......     36%         1    #......
 Sandblast                Erth           ##....       36%         1    #......
 Slow                     Hex            ##......     36%         1    #......
 Summon Butterflies       Summ           ##......     36%         1    #......


Dungeon Overview and Level Annotations

Branches:
Dungeon (7/12)             Temple (1/1) D:7
   Lair: D:7-9

Altars:
Ashenzari
Cheibriados
Dithmenos
Elyvilon
Fedhas
Gozag
Hepliaklqana
Kikubaaqudgha
Lugonu
Makhleb
Nemelex Xobeh
Okawaru
Qazlal
Ru
Sif Muna
Trog
Uskayaw
Vehumet
Wu Jian
Xom
Yredelemnul
Zin
The Shining One

Shops:
D:4 [   D:5 (   D:6 !


Innate Abilities, Weirdness & Mutations

Your experience applies equally to all skills.
You have very sharp teeth.
Your uncanny sense of smell can sniff out nearby items.


Message History

The orc sorcerer becomes larger for a moment.
The orc sorcerer closely misses you. You block the orc sorcerer's attack.
You closely miss the orc sorcerer. Your bite misses the orc sorcerer.
The orc sorcerer is heavily wounded.
The orc sorcerer barely misses you.
You barely miss the orc sorcerer.
The orc sorcerer is heavily wounded.
The orc sorcerer hits you with a +0 dagger!
* * * LOW HITPOINT WARNING * * *
You barely miss the orc sorcerer.
You bite the orc sorcerer, but do no damage.
The orc sorcerer is heavily wounded.
The orc sorcerer gestures at you while chanting.
The bolt of negative energy hits you! You partially resist.
You feel drained.
* * * LOW HITPOINT WARNING * * *
You closely miss the orc sorcerer. Your bite misses the orc sorcerer.
The orc sorcerer is heavily wounded.
The orc sorcerer hits you with a +0 dagger.
The orc sorcerer hits you with a +0 dagger!
You die...

#.# #.# ##.# #.#
##.#.# #.# ##.###.#
#.# ###§#####..###.#
.).## .........##
###.# .≈≈≈.≈≈≈..# #
#.5≈≈##.##≈≈.##.#####
#.≈##. ##≈.@o......
#### .≈#.∆ ∆
#≈..####### .^..[ ≈..
∆......# ###..
≈#.....#≈.##
#...##≈.# #.# ≈≈.. ≈≈
≈≈..# .....


You could see an orc sorcerer.

Vanquished Creatures
  A two-headed ogre (D:5)
  A deep elf mage (D:7)
  A hippogriff (D:7)
  The ghost of Freyura the Skirmisher, an amateur HOFi of Qazlal (D:3)
  Edmund (D:5)
  An orc warrior (D:5)
  5 sky beasts
  A black bear (D:7)
  5 ogres
  A necrophage (D:7)
  A centaur (D:7)
  2 bullfrogs
  A scorpion (D:4)
  3 howler monkeys
  2 crimson imps
  A quasit (D:5)
  An orc priest (D:5)
  A bullfrog skeleton (D:6)
  2 jellies
  A centaur skeleton (D:4)
  An iguana (D:5)
  3 orc wizards
  8 worker ants
  Natasha (thrice) (D:4)
  4 gnolls (D:5)
  10 adders
  An adder skeleton (D:5)
  2 adder zombies
  3 worms
  3 dart slugs
  3 leopard geckos
  18 orcs
  7 bats
  3 giant cockroaches
  4 goblins
  11 hobgoblins
  14 jackals
  5 quokkas
  2 ball pythons (D:3)
  3 frilled lizards
  7 kobolds
  10 rats
158 creatures vanquished.

Vanquished Creatures (others)
  An orc wizard (D:3)
  2 withered plants (D:3)
3 creatures vanquished.

Grand Total: 161 creatures vanquished

Notes
Turn   | Place    | Note
-------+----------+-------------------------------------------
     0 | D:1      | Freyura the Gnoll Fighter began the quest for the Orb.
     0 | D:1      | Reached XP level 1. HP: 23/23 MP: 1/1
   110 | D:1      | Reached XP level 2. HP: 29/29 MP: 2/2
   415 | D:1      | Reached XP level 3. HP: 34/35 MP: 3/3
   735 | D:2      | Reached skill level 1 in Invocations
   959 | D:2      | Reached skill level 1 in Short Blades
   959 | D:2      | Reached skill level 1 in Long Blades
   959 | D:2      | Reached skill level 1 in Axes
   959 | D:2      | Reached skill level 1 in Polearms
   959 | D:2      | Reached skill level 1 in Staves
   959 | D:2      | Reached skill level 1 in Slings
   959 | D:2      | Reached skill level 1 in Bows
   959 | D:2      | Reached skill level 1 in Crossbows
   959 | D:2      | Reached skill level 1 in Throwing
   959 | D:2      | Reached skill level 1 in Dodging
   959 | D:2      | Reached skill level 1 in Stealth
   959 | D:2      | Reached skill level 1 in Unarmed Combat
   959 | D:2      | Reached skill level 1 in Spellcasting
   959 | D:2      | Reached skill level 1 in Evocations
  1036 | D:2      | Found a glowing silver altar of Zin.
  1037 | D:2      | Found a hide-covered altar of Uskayaw.
  1037 | D:2      | Found a bloodstained altar of Trog.
  1040 | D:2      | Found a basalt altar of Yredelemnul.
  1100 | D:2      | Reached XP level 4. HP: 41/41 MP: 5/5
  1784 | D:3      | Found a burning altar of Makhleb.
  1788 | D:3      | Found a glowing golden altar of the Shining One.
  1793 | D:3      | Found a sparkling altar of Nemelex Xobeh.
  1872 | D:3      | Reached skill level 1 in Conjurations
  1872 | D:3      | Reached skill level 1 in Hexes
  1872 | D:3      | Reached skill level 1 in Charms
  1872 | D:3      | Reached skill level 1 in Summonings
  1872 | D:3      | Reached skill level 1 in Necromancy
  1872 | D:3      | Reached skill level 1 in Translocations
  1872 | D:3      | Reached skill level 1 in Transmutations
  1872 | D:3      | Reached skill level 1 in Fire Magic
  1872 | D:3      | Reached skill level 1 in Ice Magic
  1872 | D:3      | Reached skill level 1 in Air Magic
  1872 | D:3      | Reached skill level 1 in Earth Magic
  1872 | D:3      | Reached skill level 1 in Poison Magic
  1880 | D:3      | Reached XP level 5. HP: 20/47 MP: 5/7
  2096 | D:3      | Found a runed translucent door.
  2096 | D:3      | Noticed Freyura's ghost (amateur HOFi)
  2381 | D:3      | Killed Freyura's ghost
  2381 | D:3      | Reached XP level 6. HP: 33/53 MP: 8/8
  2525 | D:4      | Reached skill level 5 in Maces & Flails
  2908 | D:4      | Found Pijouleo's Antique Armour Shop.
  2931 | D:4      | Reached XP level 7. HP: 16/59 MP: 10/10
  3140 | D:4      | Bought a shiny scale mail for 126 gold pieces
  3762 | D:4      | Noticed Natasha
  3769 | D:4      | Killed Natasha
  3948 | D:4      | Noticed Natasha
  3958 | D:4      | Killed Natasha
  4010 | D:4      | Noticed Natasha
  4027 | D:4      | Killed Natasha
  4070 | D:5      | Entered Level 5 of the Dungeon
  4173 | D:5      | Reached XP level 8. HP: 61/67 MP: 10/12
  4245 | D:5      | Found a shattered altar of Ashenzari.
  4253 | D:5      | Became a worshipper of Ashenzari the Shackled
  4301 | D:5      | Noticed Edmund
  4317 | D:5      | Killed Edmund
  4589 | D:5      | Found Adaf's Weapon Shop.
  4697 | D:6      | Noticed a two-headed ogre
  4732 | D:5      | Reached XP level 9. HP: 9/72 MP: 3/14
  5035 | D:5      | Killed a two-headed ogre
  5508 | D:6      | Found an ancient bone altar of Kikubaaqudgha.
  5508 | D:6      | Reached * piety under Ashenzari
  5960 | D:6      | Found Hitifil's Distillery.
  6211 | D:7      | Reached skill level 5 in Invocations
  6524 | D:7      | Found a staircase to the Ecumenical Temple.
  6542 | Temple   | Entered the Ecumenical Temple
  6887 | D:7      | Reached XP level 10. HP: 76/80 MP: 17/17
  7050 | D:7      | Noticed an orc sorcerer
  7051 | D:7      | Noticed a deep elf mage
  7051 | D:7      | Noticed an orc sorcerer
  7080 | D:7      | Killed a deep elf mage
  7357 | D:7      | Noticed a rust devil
  7368 | D:7      | Paralysed by an orc sorcerer for 2 turns
  7374 | D:7      | Paralysed by an orc sorcerer for 2 turns
  7384 | D:7      | HP: 3/80 [orc sorcerer/bolt of negative energy (9)]
  7385 | D:7      | Slain by an orc sorcerer

Skill      XL: |  1  2  3  4  5  6  7  8  9 10 |
---------------+-------------------------------+-----
Invocations    | 1 2 3 4 5 |  5.4
Short Blades   | 1 2 3 4 |  4.9
Long Blades    | 1 2 3 4 |  4.9
Axes           | 1 2 3 4 |  4.9
Polearms       | 1 2 3 4 |  4.9
Staves         | 1 2 3 4 |  4.9
Slings         | 1 2 3 4 |  4.9
Bows           | 1 2 3 4 |  4.9
Crossbows      | 1 2 3 4 |  4.9
Throwing       | 1 2 3 4 |  4.9
Dodging        | 1 2 3 4 |  4.9
Stealth        | 1 2 3 4 |  4.9
Unarmed Combat | 1 2 3 4 |  4.9
Spellcasting   | 1 2 3 4 |  4.9
Evocations     | 1 2 3 4 |  4.9
Conjurations   | 1 2 3 4 |  4.1
Hexes          | 1 2 3 4 |  4.1
Charms         | 1 2 3 4 |  4.1
Summonings     | 1 2 3 4 |  4.1
Necromancy     | 1 2 3 4 |  4.1
Translocations | 1 2 3 4 |  4.1
Transmutations | 1 2 3 4 |  4.1
Fire Magic     | 1 2 3 4 |  4.1
Ice Magic      | 1 2 3 4 |  4.1
Air Magic      | 1 2 3 4 |  4.1
Earth Magic    | 1 2 3 4 |  4.1
Poison Magic   | 1 2 3 4 |  4.1
Maces & Flails | 5 6 |  6.8
Fighting       | 7 8 |  8.3
Armour         | 7 8 |  8.3
Shields        | 7 8 |  8.3

Action                   |  1- 3 |  4- 6 |  7- 9 | 10-12 || total
-------------------------+-------+-------+-------+-------++-------
Melee: Flail             |    90 |   157 |   101 |       ||   348
       Bite              |     5 |    15 |    61 |     9 ||    90
       Morningstar       |       |       |   275 |    53 ||   328
Invok: Curse Item        |       |       |     6 |       ||     6
  Use: Scroll            |       |     3 |    10 |       ||    13
       Potion            |       |     2 |     4 |     1 ||     7
  Eat: Chunk             |     1 |     5 |    12 |       ||    18
       Ration            |       |       |     1 |       ||     1
Armor: Scale mail        |    36 |    80 |   229 |     7 ||   352
Dodge: Dodged            |    27 |    56 |   230 |    21 ||   334
Block: Shield            |    57 |    83 |   308 |    28 ||   476
